[Event "1st Chessable Sunway Formentera 2022"]
[Site "Formentera Punta Prima"]
[Date "2022.04.30"]
[Round "2"]
[White "Narciso Dublan, Marc"]
[Black "Papadiamandis, Elliot"]
[Result "0-1"]
[ECO "A48"]
[WhiteElo "2464"]
[BlackElo "2373"]
[Annotator "TA"]
[PlyCount "100"]
[EventDate "2022.05.05"]
[EventType "swiss"]
[EventCountry "ESP"]
[SourceTitle "playchess.com"]
[Source "ChessBase"]
[SourceQuality "1"]
[TimeControl "40/5400+30:1800+30"]

1. d4 Nf6 2. Nf3 g6 3. Bg5 Bg7 4. Nbd2 O-O 5. c3 d6 6. e4 c5 7. dxc5 dxc5 8. Be2 Nc6 9. O-O Qc7 10. Re1 {[%emt 0:07:47] A48: 1 d4 Nf6 2 Nf3 g6: Torre, London and Colle Systems.} h6 11. Be3 b6 12. h3 {[%emt 0:00:10] The position is equal.} Bb7 13. Qc2 Rad8 14. Rad1 Nh5 (14... g5 $5 ) 15. Bf1 {[%emt 0:02:58] [#]} Kh7 $146 ({Predecessor:} 15... e6 16. a4 Ne5 17. Be2 Nxf3+ 18. Nxf3 Nf4 19. Bf1 Kh7 20. g3 Nh5 21. Bg2 Nf6 {1-0 (65) Terry,R (2451)-Gabrielian,A (2545) Chess.com INT 2015}) 16. Nc4 Nf6 17. Bc1 b5 18. Ne3 c4 19. e5 ({White should play} 19. b3 $11) 19... Rxd1 $1 $15 (19... Nxe5 20. Nxe5 Qxe5 21. Nxc4 $1 $14) 20. Nxd1 Nd5 21. e6 f5 22. Ne3 Nf4 23. b3 {[%emt 0:02:10] Now White is beyond hope.} (23. Rd1 $15) 23... Ne5 $19 24. Nxe5 Bxe5 ({Worse is} 24... Qxe5 25. bxc4 bxc4 26. Qd2 $15) 25. bxc4 {[%emt 0:08:31] [#]} (25. f3) 25... Nxh3+ $1 26. Kh1 {[%emt 0:00:04] [#]} Nxf2+ $1 27. Qxf2 {[%emt 0:00:41] Strongly threatening Nd5.} Bg3 28. Qe2 Qf4 29. Ng4 Qxg4 30. Qxg4 fxg4 31. Rd1 bxc4 32. Be3 {[%emt 0:00:35] [#]} Bd5 33. Bxa7 (33. Kg1 Bxe6) 33... Bxe6 34. Bd4 Bd5 35. Be2 h5 36. a4 e6 {[%emt 0:00:29] White must now prevent ...Rb8.} 37. a5 Bf2 ({Not} 37... Ra8 $2 38. Ra1 $19) 38. Rf1 {[%emt 0:00:53] [#]} g3 ({Weaker is} 38... Bxd4 39. Rxf8 Bxc3 40. a6 $18) 39. a6 $2 (39. Bb6) 39... h4 {[%emt 0:01:57] Black is clearly winning.} 40. Bg4 Ra8 {[%emt 0:00:00] Hoping for ...Bxd4.} 41. Bxf2 gxf2 42. Rxf2 Rxa6 {[%emt 0:00:07][%mdl 4096] Endgame KRB-KRB} 43. Kh2 Ra3 44. Rc2 Kh6 45. Kh3 Kg5 {[%emt 0:04:13] ( -> ...Ra1)} 46. g3 hxg3 47. Kxg3 Ra1 {[%emt 0:03:41] Threatens to win with ...Rg1+.} 48. Be2 Be4 49. Rb2 Rc1 50. Rb5+ Bd5 {[%emt 0:00:44] Weighted Error Value: White=0.52/Black=0.20 (precise)} 0-1

[Event "1st Chessable Sunway Formentera 2022"]
[Site "Formentera Punta Prima"]
[Date "2022.04.30"]
[Round "2"]
[White "Park, Evan"]
[Black "Aledo Yanguas, David"]
[Result "1-0"]
[ECO "C11"]
[WhiteElo "2431"]
[BlackElo "1908"]
[Annotator "TA"]
[PlyCount "79"]
[EventDate "2022.05.05"]
[EventType "swiss"]
[EventCountry "ESP"]
[SourceTitle "playchess.com"]
[Source "ChessBase"]
[SourceQuality "1"]
[TimeControl "40/5400+30:1800+30"]

1. e4 e6 2. d4 d5 3. Nc3 Nf6 4. e5 Nfd7 5. f4 c5 6. Nf3 Nc6 7. Be3 a6 8. Qd2 b5 9. h4 b4 {[%emt 0:00:51] C11: French: Classical System: 4 e5 and 4 Bg5 dxe4.} 10. Na4 c4 11. b3 c3 {[%emt 0:02:42] The position is equal.} 12. Qf2 a5 13. h5 {[%emt 0:05:45] [#]} Nb6 $146 ({Predecessor:} 13... Ba6 14. f5 exf5 15. Ng5 Be7 16. e6 Bxg5 17. exd7+ Kf8 18. Bxg5 Qxg5 19. Bxa6 Rxa6 {½-½ (41) Alsina Leal,D (2516)-Libiszewski,F (2522) Linares 2021}) 14. Nc5 {[%emt 0:02:35][%cal Of4f5] f5! is the strong threat.} Bxc5 $2 (14... Nd7 $16) 15. dxc5 $18 Nd7 16. Bb5 Qc7 17. Bxc6 Qxc6 18. Nd4 Qa6 (18... Qxc5 $2 19. Nxe6 $1 Qc6 20. Nxg7+ Kd8 21. Nf5) 19. Qg3 Rg8 20. c6 Nb8 21. h6 g6 22. c7 Nc6 23. Qg5 {[%emt 0:00:08] White is more active.} Bd7 $2 (23... Bb7 $16) 24. Nf3 $1 {[%emt 0:01:17] Hoping for Qf6.} d4 {[%emt 0:14:37] [#]} 25. Nxd4 (25. Qf6 $1 $18 {[%cal Of3g5] and the rest is easy. Threatens to win with Ng5!} Ne7 26. Ng5 $1) 25... Nxd4 $16 26. Bxd4 $40 {[%emt 0:00:03][%mdl 128] Intending Bc5 and mate. White attacks with force.} Qc6 {[%emt 0:00:27] Prevents Bc5. White must now prevent ...Qe4+.} 27. O-O Qxc7 28. Rad1 Bb5 29. Rfe1 Qd8 30. Qg3 {[%emt 0:02:51] And now Bf2 would win.} Qc7 (30... Bc6 {was necessary.} 31. Bxc3 Bd5) 31. Bf2 (31. Qf2 $142) 31... f5 $2 (31... Rd8 32. Qe3 Rd7 33. Rxd7 Kxd7) 32. exf6 $18 {[%emt 0:04:31] Qg5 would kill now.} Kf7 {[%emt 0:00:05] [#]} 33. Qg5 (33. Rxe6 $142 $3 {[%cal Og3g5][%mdl 512] White threatens Qg5! and mate.} Rge8 (33... Rae8 34. Red6) 34. Red6) 33... Bc6 {[%emt 0:01:44] [#]} (33... Bd7 $142 34. Qe5 Qb7) 34. Rxe6 $3 {[%emt 0:01:04][%mdl 512] Threatening mate with Re7+.} Rae8 {[%emt 0:04:20] Inhibits Re7+.} 35. Red6 {[%emt 0:02:25] White wants to mate with Qc5.} Re2 36. Qg4 (36. Qc5 $142 Rge8 37. Rxc6 Qxf4 38. Qa7+ R2e7 39. fxe7 Qe4 40. Rc7 Qf4 41. Qc5) 36... Rd2 37. Qe6+ {[%emt 0:00:16] White mates.} Kf8 {[%emt 0:00:06] [#]} 38. Rd8+ $1 Qxd8 39. Bc5+ Qe7 40. Qxe7# {[%emt 0:00:00] Weighted Error Value: White=0.45/Black=1.27} 1-0

[Event "1st Chessable Sunway Formentera 2022"]
[Site "Formentera Punta Prima"]
[Date "2022.04.30"]
[Round "2"]
[White "Eugene, Floryan"]
[Black "Prodhomme, Boris"]
[Result "1-0"]
[ECO "A89"]
[WhiteElo "2370"]
[BlackElo "2045"]
[Annotator "TA"]
[PlyCount "71"]
[EventDate "2022.05.05"]
[EventType "swiss"]
[EventCountry "ESP"]
[SourceTitle "playchess.com"]
[Source "ChessBase"]
[SourceQuality "1"]
[TimeControl "40/5400+30:1800+30"]

1. c4 g6 2. g3 Bg7 3. Bg2 d6 4. Nf3 f5 5. d4 Nf6 6. Nc3 O-O 7. O-O Nc6 8. d5 Ne5 9. Nxe5 dxe5 10. e4 f4 11. gxf4 exf4 12. e5 Ng4 13. e6 Ne5 14. Re1 $1 Nxc4 {[%emt 0:15:00][%cal Oc7c6] A89: Dutch Defence: Leningrad System: 5 Nf3 0-0 6 0-0 d6 7 Nc3 Nc6.} 15. Re4 Nd6 16. Rxf4 Nf5 {[%emt 0:00:58][%cal Oc7c6] [#] The position is equal.} 17. Re4 $146 ({Predecessor:} 17. h4 Bxc3 18. bxc3 Bxe6 19. Qb3 Bf7 20. Ba3 c6 21. c4 Qc7 22. Rxf5 gxf5 23. d6 exd6 {1-0 (47) Bogdan,E (2016)-Uzlavataya,A (1979) Minsk 2015}) 17... c6 18. Bg5 h6 ({Resist} 18... Bxc3 19. bxc3 h6 20. Bc1) 19. Bf4 Bxc3 ({Better is} 19... Kh7 $11) 20. bxc3 $14 cxd5 (20... Qxd5 $14 {might be stronger.} 21. Qc2 Rf6) 21. Re5 $16 g5 $2 (21... Kh7 $16 {is more resistant.}) 22. Qg4 $18 Ng7 {[%emt 0:01:04] [#]} 23. Bg3 {[%emt 0:00:15] This bishop pair is nice.} (23. Bxg5 $142 $1 Bxe6 24. Rxe6 hxg5 25. Rg6) 23... Rf6 24. Rae1 ({Much less strong is} 24. Rxd5 $6 Qf8 $16) (24. Bxd5 $18 {is more deadly. aiming for h4.} Qe8 25. Rae1 (25. h4 gxh4 26. Qxh4 Bxe6 $14)) 24... a5 25. h4 {[%emt 0:02:50] White is much more active.} h5 $2 (25... Rxe6 $16 {is tougher.} 26. Rxe6 Ra6) 26. Qxg5 Ra6 27. Rxd5 {[%emt 0:00:27] White is clearly winning.} Qf8 28. Red1 {[%emt 0:00:12][%cal Be1d1,Bd1d8,Bd8c8][%mdl 32] [#] Rd8 is the strong threat.} Rf5 29. Rxf5 Qxf5 30. Rd8+ Kh7 31. Qxf5+ Nxf5 32. Rxc8 {[%emt 0:00:05] Strongly threatening Be4.} Rxe6 33. Bh3 Re1+ 34. Kg2 Nxg3 35. Kxg3 Re2 36. a4 {[%emt 0:00:11] Weighted Error Value: White=0.28 (precise) /Black=0.91} 1-0

[Event "1st Chessable Sunway Formentera 2022"]
[Site "Formentera Punta Prima"]
[Date "2022.04.30"]
[Round "2"]
[White "Chiku-Ratte, Olivier-Kenta"]
[Black "Santos Latasa, Jaime"]
[Result "0-1"]
[ECO "E14"]
[WhiteElo "2358"]
[BlackElo "2672"]
[Annotator "TA"]
[PlyCount "80"]
[EventDate "2022.05.05"]
[EventType "swiss"]
[EventCountry "ESP"]
[SourceTitle "playchess.com"]
[Source "ChessBase"]
[SourceQuality "1"]
[TimeControl "40/5400+30:1800+30"]

1. d4 Nf6 2. c4 e6 3. Nf3 d5 4. e3 b6 5. Bd3 Bb7 6. O-O Bd6 7. Nc3 O-O 8. Qc2 dxc4 $5 {[%emt 0:01:55][%mdl 4] Exploring less charted territory.} 9. Bxc4 c5 {[%emt 0:00:51] E14: Queen's Indian: Classical Variation (4 e3).} 10. dxc5 Bxc5 11. e4 (11. Rd1 $11 {is superior.} Nbd7 12. b3) 11... Nc6 (11... Nbd7 $15) 12. Bg5 {[%emt 0:08:19] [#]} Qc7 $146 ({Predecessor:} 12... Nd4 13. Qd3 h6 14. Bh4 Nxf3+ 15. Qxf3 Qd4 16. Bd3 Rfd8 17. Rad1 Qe5 18. Qe2 Rd7 19. Bxf6 Qxf6 {0-1 (46) Kunin,V (2533)-Brkic,A (2583) Austria 2020}) 13. Bh4 Ne5 14. Nxe5 Qxe5 15. Rfe1 Rac8 16. Bg3 Qg5 17. Be2 Rfd8 18. Rad1 {[%emt 0:09:26] [#] Against Rd2} h5 $1 19. Qc1 Qxc1 ({Much weaker is} 19... Nxe4 $6 20. Qxg5 Nxg5 21. Bxh5 $11) 20. Rxc1 Rd2 21. e5 Ng4 (21... Nd5 $142 22. Bxh5 Rxb2) 22. h3 $17 Nh6 {[%emt 0:00:09][%cal Bg4h6,Bh6f5,Bf5h4][%mdl 32] Black is much more active.} 23. Rb1 {[%emt 0:04:42] [#]} g5 $1 {[%emt 0:04:21] Inhibits Bf4.} ({Of course not} 23... Nf5 $6 24. Bf4 Rd4 25. Bg5 $11) 24. Red1 Rcd8 25. Kf1 ({White should try} 25. b4 Rxd1+ 26. Nxd1) 25... Nf5 26. Bh2 Nh4 27. Rxd2 Rxd2 28. Ke1 Rd4 29. Bxh5 Bxg2 {[%emt 0:01:59] Hoping for ...Bf3.} 30. Ke2 {[%emt 0:00:47] Inhibits Bf3+.} Bxh3 31. Rg1 (31. Rd1 $17 {keeps fighting.}) 31... g4 $19 {[%emt 0:00:37] And now ...Nf3 would win.} 32. Rg3 (32. Rd1) 32... Nf3 {[%emt 0:00:20] ( -> ...Rd2#)} 33. Rxf3 gxf3+ 34. Bxf3 Bg4 35. Bxg4 Rxg4 {[%emt 0:00:06] KRB-KBN} 36. Kf3 Rc4 37. Ke2 Kg7 38. Bg3 Kg6 39. Kd3 Rd4+ 40. Ke2 Bb4 {[%emt 0:00:00] Weighted Error Value: White=0.23 (precise) /Black=0.08 (flawless)} 0-1

[Event "1st Chessable Sunway Formentera 2022"]
[Site "Formentera Punta Prima"]
[Date "2022.04.30"]
[Round "2"]
[White "Bergez, Luc"]
[Black "Sargsyan, Shant"]
[Result "0-1"]
[ECO "B20"]
[WhiteElo "2331"]
[BlackElo "2641"]
[Annotator "TA"]
[PlyCount "106"]
[EventDate "2022.05.05"]
[EventType "swiss"]
[EventCountry "ESP"]
[SourceTitle "playchess.com"]
[Source "ChessBase"]
[SourceQuality "1"]
[TimeControl "40/5400+30:1800+30"]

1. e4 c5 2. d3 Nc6 3. g3 Nf6 4. f4 d6 5. Bg2 g6 6. Nf3 Bg7 7. O-O O-O 8. Na3 {[%emt 0:03:35] B20: Sicilian: Unusual White 2nd moves.} Rb8 9. c3 b5 10. Nc2 {[%emt 0:05:06] Black has an edge.} b4 11. c4 Bg4 12. h3 Bxf3 13. Bxf3 Nd7 {[%emt 0:00:55] [#] Inhibits e5.} 14. Kg2 $146 ({Predecessor:} 14. h4 Rb6 15. h5 a5 16. hxg6 hxg6 17. Ne3 Nd4 18. Kg2 e6 19. Rh1 Re8 20. Qg1 {1-0 (46) Kalinin,O (2390)-Kalod,R (2445) Guben 2000}) 14... a5 15. Ne1 Nd4 16. Rb1 b3 17. a3 e6 18. Bd2 f5 19. Kh2 a4 20. Bg2 Nb6 {[%emt 0:02:01] Pair of Knights!} 21. Bc3 (21. Nf3 fxe4 22. Nxd4 Bxd4 23. Bxe4 Qf6 $15) (21. exf5 $1 $11 exf5 22. Nf3) 21... fxe4 $17 22. Bxe4 d5 23. cxd5 exd5 24. Bg2 Qd6 25. Bxd4 Bxd4 26. Nf3 Be3 27. d4 cxd4 {[%emt 0:01:09] Black is much more active.} 28. Nxd4 Rbc8 29. Qd3 Bxd4 30. Qxd4 Rc4 (30... Qf6 $1 $17 31. Bxd5+ Kg7 32. Qxf6+ Kxf6) 31. Qd3 $11 Rc2 32. Kh1 (32. Rfc1 $11) 32... Qf6 ({Black should try} 32... Qc5 $1 $17 33. f5 Qc4) 33. Rfe1 {[%emt 0:02:48] Inhibits Re8.} Rxb2 34. Rbc1 (34. Rxb2 $11 Qxb2 35. Re6) 34... Ra2 $2 ({Better is} 34... Rf7 $1 $17 {aiming for ...Kg7.} 35. Qb5 (35. Bxd5 $2 Nxd5 36. Qxd5 Qf5 $19) 35... Rc2 36. Rxc2 bxc2) 35. Rc7 $1 {[%emt 0:01:53] Strongly threatening Ree7.} Rf7 {[%emt 0:16:55] Against Ree7} (35... Rxa3 $2 36. Bxd5+ Nxd5 37. Qxd5+ Rf7 38. Rxf7 Qxf7 39. Re8+ Kg7 40. Qe5+ Kh6 41. Re7 $18) 36. Bxd5 Nxd5 37. Qxd5 Ra1 $40 {[%emt 0:01:07][%mdl 128] White needs to defend precisely. Chess con chili.} 38. Rxa1 Qxa1+ {[%emt 0:00:04][%mdl 4096] Endgame KQR-KQR} 39. Kg2 (39. Kh2 $1 $15 Qb2+ 40. Kg1) 39... Qf6 $17 40. Rc4 (40. Qc4 $17 {was worth a try.}) 40... Qe7 $19 {[%emt 0:00:00] Hoping for ...Qe2+.} ({Stronger than} 40... Kg7 41. h4 $17) 41. Rb4 Qe2+ 42. Kg1 {[%emt 0:00:38] [#]} Kg7 (42... Qe3+ $1 $19 {is more deadly.} 43. Kg2 Kg7) 43. Qe5+ $2 {[%emt 0:07:11][%mdl 8192] This move loses the game for White.} (43. Qd4+ $17 Kh6 44. f5 Rxf5 45. Qh4+ Qh5 46. Rxa4) 43... Qxe5 44. fxe5 {[%emt 0:00:03] KR-KR} Re7 45. Rb5 Rc7 {[%emt 0:00:53] And now ...Rc2 would win.} 46. Kf2 Rc2+ 47. Kf3 {[%emt 0:00:09] [#]} Ra2 $1 48. Rb7+ Kf8 49. Kf4 Rxa3 50. e6 Ra1 51. Ke5 Re1+ 52. Kf6 Rf1+ 53. Ke5 a3 {[%emt 0:01:57] Weighted Error Value: White=0.73/Black=0.13 (very precise)} 0-1

[Event "1st Chessable Sunway Formentera 2022"]
[Site "Formentera Punta Prima"]
[Date "2022.04.30"]
[Round "2"]
[White "Garcia Martin, Marta"]
[Black "Cuenca Jimenez, Jose Fernando"]
[Result "0-1"]
[ECO "B07"]
[WhiteElo "2326"]
[BlackElo "2551"]
[Annotator "TA"]
[PlyCount "120"]
[EventDate "2022.05.05"]
[EventType "swiss"]
[EventCountry "ESP"]
[SourceTitle "playchess.com"]
[Source "ChessBase"]
[SourceQuality "1"]
[TimeControl "40/5400+30:1800+30"]

1. e4 d6 2. d4 Nf6 3. Nc3 e5 4. Nge2 Be7 5. g3 O-O 6. Bg2 {[%emt 0:00:08] B07: Pirc Defence: Miscellaneous Systems.} c6 7. a4 a5 8. O-O {[%emt 0:00:52] White has an edge.} Na6 9. h3 Nb4 10. f4 exd4 11. Nxd4 d5 12. e5 $1 Nd7 13. Kh2 Re8 {[%emt 0:03:37] [#]} 14. b3 $146 ({Predecessor:} 14. Be3 Bf8 15. Bg1 Nc5 16. Qd2 f6 {½-½ (16) Pruijssers,R (2408)-Dresen,U (2315) Germany 2007}) 14... Bf8 15. Bb2 Nc5 16. Qd2 $1 f6 17. Rae1 Bd7 18. Nd1 $1 fxe5 19. fxe5 Ne6 20. Nf5 $1 (20. Qf2 Bc5 21. Re2 (21. c3 Nd3 $19) 21... Rf8 $11) 20... Qg5 21. Nde3 {[%emt 0:02:05] And now Qd1 would win.} Rad8 (21... Bc5 $16) 22. h4 Qg6 23. Qe2 h6 (23... Bc5 {might work better.} 24. c3 Bxe3) 24. Bf3 $18 {[%emt 0:01:56] Strongly threatening Bh5.} Qh7 25. Bh5 g6 $2 {[%emt 0:00:09] [#]} (25... Kh8 26. Bxe8 Bxe8) 26. Ng4 $1 Bg7 (26... Kh8 27. Nf6) 27. Nfxh6+ Kh8 28. Nf7+ Kg8 29. Nfh6+ Kh8 30. Nf7+ Kg8 {[%emt 0:00:02] [#]} 31. Nd6 $1 Qxh5 {[%emt 0:01:12] [#]} (31... gxh5 $2 32. Nf6+ Bxf6 33. exf6 $18) 32. Nf6+ $1 ({Weaker is} 32. Qf3 Rf8 33. Nf6+ Bxf6 34. Qxh5 gxh5 $17) ({Inferior is} 32. Nxe8 Rxe8 33. Nf6+ (33. Qf3 Rf8 $17) 33... Bxf6 34. exf6 Qxe2+ 35. Rxe2 Kf7 $17) 32... Bxf6 {[%emt 0:00:28] [#]} 33. Qxh5 gxh5 34. exf6 {[%emt 0:00:04] f7+ is the strong threat.} Rf8 35. f7+ Kh7 36. Bf6 {[%emt 0:01:25] aiming for Rxe6.} ({And not} 36. Nxb7 Rb8 37. Nd6 Nxc2 $11) 36... Rb8 37. Be7 (37. Re5 $18 {and the rest is easy.} Nxc2 38. Rxh5+ Kg6 39. Re5) 37... Nxc2 $16 38. Re5 Ng7 39. Bxf8 Rxf8 40. Nxb7 (40. Re7 $5 Bg4 41. Re8 $11) 40... Nd4 41. Nxa5 Bg4 42. Kg2 {[%emt 0:07:53] Prevents Nf3.} Ngf5 {[%emt 0:02:07] Pair of Knights!} 43. Nxc6 Nxc6 {[%emt 0:00:50][%cal Bd4c6,Bc6e7,Be7f5,Bf5h4][%mdl 32] Dancing on a razor blade.} 44. Rexf5 Bxf5 45. Rxf5 $11 {[%emt 0:00:07][%mdl 4096] Endgame KRN-KR} Ne7 46. Re5 Rxf7 47. a5 Nf5 48. Kf3 ({Better is} 48. b4 $11) 48... Nxh4+ $1 $15 49. Ke2 Nf5 50. Rxd5 Nxg3+ 51. Ke3 $2 (51. Kd3 $15) 51... h4 $19 52. Rg5 Kh6 53. Rg8 Nf5+ 54. Ke4 Kh5 {[%emt 0:01:01] White must now prevent ...h3.} 55. a6 h3 {[%emt 0:07:42] ( -> ...h2)} 56. a7 h2 {[%emt 0:00:36] Black mates.} 57. Rh8+ Nh6 58. a8=Q h1=Q+ 59. Kd4 Qd1+ 60. Kc4 Rc7+ {[%emt 0:00:33] Never resign too early!  Weighted Error Value: White=0.74/Black=0.12 (very precise)} 0-1

[Event "1st Chessable Sunway Formentera 2022"]
[Site "Formentera Punta Prima"]
[Date "2022.04.30"]
[Round "2"]
[White "Real, Thibault"]
[Black "Batsiashvili, Nino"]
[Result "1/2-1/2"]
[ECO "C47"]
[WhiteElo "2262"]
[BlackElo "2463"]
[Annotator "TA"]
[PlyCount "95"]
[EventDate "2022.05.05"]
[EventType "swiss"]
[EventCountry "ESP"]
[SourceTitle "playchess.com"]
[Source "ChessBase"]
[SourceQuality "1"]
[TimeControl "40/5400+30:1800+30"]

1. e4 e5 2. Nf3 Nc6 3. Nc3 Nf6 4. d4 exd4 5. Nxd4 Bb4 6. Nxc6 bxc6 7. Bd3 O-O 8. O-O d5 9. exd5 {[%emt 0:00:06] C47: Scotch Four Knights and Four Knights with 4 g3.} Bg4 (9... cxd5 $11 {is more appropriate.} 10. h3 Rb8) 10. Ne2 (10. f3 $5 Bd7 11. dxc6 Bxc6 12. Be3 $14) 10... cxd5 11. f3 {[%emt 0:00:00] [#]} Bd7 $146 ({Predecessor:} 11... Bc5+ 12. Kh1 Bh5 13. Bg5 c6 14. c4 d4 15. Qa4 Qb6 16. Bxf6 gxf6 17. b4 Qxb4 18. Qxc6 {1-0 (46) Volcik,L (2008)-Musil,J (1610) Sec u Chrudimi 2008}) 12. c4 c6 13. b3 Re8 14. Bb2 Qe7 15. Qc2 h6 16. Rac1 Bc5+ 17. Kh1 {[%emt 0:01:18] White wants to play cxd5.} Be3 18. Rcd1 a5 19. Ba1 a4 20. Bc3 axb3 21. axb3 Bb6 22. Qb2 Bd8 23. cxd5 cxd5 24. b4 Nh5 25. g4 Nf6 26. Ng3 Qd6 27. Bb1 Rc8 (27... Qa6 $11) 28. Qd2 (28. Bf5 $14) 28... Qa6 29. Bd4 {[%emt 0:01:06] Black must now prevent g5.} Bb5 30. Rf2 Rc4 {[%emt 0:00:22] [#]} (30... Bb6 $11) 31. Nf5 $1 $16 Qa4 32. Nd6 {[%emt 0:00:00] White is more active.} (32. Bd3 $16 Rxd4 33. Nxd4 Bxd3 34. Qxd3) 32... Rxd4 $11 33. Qxd4 Bb6 $1 34. Qxb6 Qxd1+ 35. Kg2 Qxb1 36. Qxb5 Rf8 (36... Re1 $11 37. Qb7 (37. Qb8+ $2 Kh7 $19) 37... Kh7 38. Qxf7 Rg1+ 39. Kh3 Qxb4) 37. Qb6 (37. Qc5 $1 $14) 37... Qd3 38. Nf5 {[%emt 0:00:35][%cal Of5h6] Threatening Nxh6+!} h5 39. h3 Re8 40. Qd4 Qb1 41. Rb2 Qe1 42. g5 Re5 {[%emt 0:06:34] The position is equal.} 43. Qd3 {[%emt 0:01:39] [#]} ({Don't play} 43. gxf6 Rxf5 44. Kh2 (44. Qd2 $2 Qh4 $19) 44... Qe6 $17) 43... Qc1 $1 44. Qd2 Qxd2+ 45. Rxd2 Rxf5 46. gxf6 Rxf6 47. Rxd5 Rf4 48. Rxh5 {[%emt 0:00:00] Weighted Error Value: White=0.14 (very precise) /Black=0.16 (very precise)} 1/2-1/2

[Event "1st Chessable Sunway Formentera 2022"]
[Site "Formentera Punta Prima"]
[Date "2022.04.30"]
[Round "2"]
[White "Buiza Prieto, Eihartze"]
[Black "Vrolijk, Liam"]
[Result "1/2-1/2"]
[ECO "B40"]
[WhiteElo "2044"]
[BlackElo "2467"]
[Annotator "TA"]
[PlyCount "102"]
[EventDate "2022.05.05"]
[EventType "swiss"]
[EventCountry "ESP"]
[SourceTitle "playchess.com"]
[Source "ChessBase"]
[SourceQuality "1"]
[TimeControl "40/5400+30:1800+30"]

1. e4 c5 2. Nf3 e6 3. b3 b6 4. Bb2 Bb7 5. Nc3 Nf6 6. e5 {[%emt 0:08:35] B40: Sicilian: 2...e6, Unusual lines.} Nd5 7. Nxd5 Bxd5 8. Be2 Be7 9. O-O O-O 10. c4 Bb7 11. d4 d5 12. exd6 {[%emt 0:04:54] [#]} Bxd6 $146 ({Predecessor:} 12... Qxd6 13. dxc5 Qxc5 14. a3 Rd8 15. Qc1 Nd7 16. b4 Qc6 17. Re1 Bf6 18. Bf1 Bxb2 19. Qxb2 {1-0 (43) Kiik,K (2445)-Franssila,T (2225) Laukaa 1998}) 13. Qc2 cxd4 14. Nxd4 Qh4 15. g3 (15. f4 $2 Bxf4 16. Nf3 Bxf3 17. Rxf3 Qxh2+ 18. Kf2 Qh4+ 19. Kg1 Bh2+ 20. Kf1 Bg3 21. Rxg3 Qxg3 $17) 15... Qh3 16. Bf3 {[%emt 0:00:15] Prevents Qg2+.} Bxf3 17. Nxf3 {[%emt 0:00:07] Qe4 is the strong threat.} Qg4 {[%emt 0:01:59] [#] Inhibits Qe4.} 18. Kg2 (18. Rad1 $1 $16) 18... Nc6 19. h3 (19. Rad1 {is interesting.} Rad8 20. h3 Qg6 21. Qxg6 hxg6 22. h4) 19... Qg6 20. Qxg6 hxg6 21. Rfd1 Rfd8 22. Nd4 Ne7 23. Nb5 Bc5 24. Ba3 Bxa3 25. Nxa3 Nc6 26. Nc2 Kf8 27. Kf3 g5 28. Ke2 Ke7 29. Rh1 a6 30. h4 g4 31. Rhd1 Ne5 32. Rac1 f5 33. Nd4 Rac8 34. Ke3 Kf6 35. a3 ({White should play} 35. Ne2 $11) 35... Rc7 (35... a5 $15) 36. Ne2 $11 Rcd7 37. Rxd7 Rxd7 {[%emt 0:00:07][%mdl 4096] Endgame KRN-KRN} 38. Nd4 Rc7 39. Ne2 a5 40. a4 Nd7 41. Nf4 Nc5 42. Rb1 Rd7 43. b4 $1 {[%emt 0:04:29] The position is equal.} Nxa4 {[%emt 0:02:56] White must now prevent ...Nc3.} 44. bxa5 bxa5 45. Rb5 Rc7 46. Rxa5 Rxc4 47. Nh5+ Kg6 48. Nf4+ Kh6 49. Re5 ({Don't blunder} 49. Nxe6 $2 Re4+ 50. Kd2 Nb6 51. Rxf5 Rxe6 $19) 49... Nc5 50. Nxe6 Nxe6 51. Rxe6+ g6 {[%emt 0:00:09] Weighted Error Value: White=0.11 (very precise) /Black=0.09 (flawless)} 1/2-1/2